 Dungeon Crawl Stone Soup version 0.23-a0-175-g97aacdb306 (webtiles) character file.

80 PikkenKukken the Skirmisher (level 4, 0/35 HPs)
             Began as a Demonspawn Fighter on Sept 17, 2018.
             Succumbed to a goblin's poison
             ... on level 2 of the Dungeon.
             The game lasted 00:02:25 (1146 turns).

PikkenKukken the Skirmisher (Demonspawn Fighter)    Turns: 1146, Time: 00:02:25

Health: 0/35       AC:  7    Str: 17    XL:     4   Next: 18%
Magic:  4/4        EV:  7    Int: 10    God:
Gold:   71         SH: 10    Dex: 12    Spells: 3/3 levels left

rFire    . . .     SeeInvis .   a - +1 long sword
rCold    . . .     Gourm    .   c - +1 shield
rNeg     . . .     Faith    .   b - +0 scale mail
rPois    .         Spirit   .   (no helmet)
rElec    .         Reflect  .   (no cloak)
rCorr    .         Harm     .   i - +0 pair of gloves
MR       .....                  (no boots)
Stlth    ..........             (no amulet)
HPRegen  0.11/turn              (no ring)
MPRegen  0.09/turn              (no ring)

@: lethally poisoned (0 -> -16)
A: powered by death 1, powered by pain 1
a: no special abilities


You were on level 2 of the Dungeon.
You were not hungry.

You visited 1 branch of the dungeon, and saw 2 of its levels.

You collected 71 gold pieces.

Inventory:

Hand Weapons
 a - a +1 long sword (weapon)
Armour
 b - a +0 scale mail (worn)
 c - a +1 shield (worn)
 i - a +0 pair of gloves (worn)
Scrolls
 k - a scroll of amnesia
Potions
 d - a potion of might
 h - a potion of flight
Comestibles
 f - 2 rations
 g - 5 chunks of flesh


   Skills:
 + Level 3.4 Fighting
 * Level 2.9 Long Blades
 + Level 3.1 Armour
 + Level 3.1 Shields


You had 3 spell levels left.
You didn't know any spells.
Your spell library was empty.

Dungeon Overview and Level Annotations

Branches:
Dungeon (2/15)

Altars:

Annotations:
D:2 Robin


Innate Abilities, Weirdness & Mutations

You regenerate a little health from kills.
You sometimes gain a little power by taking damage.


Message History

You block the hobgoblin's attack.
You hit the goblin.
You kill the goblin!
* * * LOW HITPOINT WARNING * * *
You feel sick. The hobgoblin hits you.
* * * LOW HITPOINT WARNING * * *
You slash the hobgoblin!
You kill the hobgoblin!
Your surroundings suddenly seem different.
You feel very sick.
You start resting.
You feel sick.
* * * LOW HITPOINT WARNING * * *
You feel sick.
Okay, then.
There is a lethal amount of poison in your body!
* * * LOW HITPOINT WARNING * * *
You feel sick.
* * * LOW HITPOINT WARNING * * *
You feel sick.
You die...

# ###...
#.....
.....#
#.#..#
#.#..##
#.#...##.#
#.#......#
#.@......#
#####.####


There were no monsters in sight!

Vanquished Creatures
  An adder (D:2)
  A gnoll (D:1)
  An ooze (D:2)
  A dart slug (D:1)
  2 leopard geckos (D:1)
  4 bats (D:1)
  6 giant cockroaches (D:1)
  10 goblins
  9 hobgoblins
  3 kobolds (D:1)
  A quokka (D:2)
  2 ball pythons (D:1)
  5 rats (D:1)
46 creatures vanquished.

Notes
Turn   | Place    | Note
-------+----------+-------------------------------------------
     0 | D:1      | PikkenKukken the Demonspawn Fighter began the quest for the
                  | Orb.
     0 | D:1      | Reached XP level 1. HP: 18/18 MP: 1/1
   128 | D:1      | Gained mutation: You regenerate a little health from kills.
                  | [demonic ancestry]
   128 | D:1      | Reached XP level 2. HP: 24/24 MP: 2/2
   438 | D:1      | Gained mutation: You sometimes gain a little power by
                  | taking damage. [demonic ancestry]
   438 | D:1      | Reached XP level 3. HP: 25/29 MP: 3/3
  1039 | D:2      | Reached XP level 4. HP: 32/35 MP: 4/4
  1119 | D:2      | Noticed Robin
  1145 | D:2      | HP: 1/35 [poisoned by a goblin]
  1146 | D:2      | Succumbed to a goblin's poison

Vault maps used:
D:1:      dpeg_arrival_prison
D:2:      minmay_pentomino_w4, uniq_robin

Skill      XL: |  1  2  3 |
---------------+----------+-----
Long Blades    | 2 |  2.9
Shields        | 3 |  3.1
Armour         | 3 |  3.1
Fighting       | |  3.4

Action                   |  1- 3 |  4- 6 || total
-------------------------+-------+-------++-------
Melee: Long sword        |   113 |    27 ||   140
  Use: Scroll            |     8 |     1 ||     9
       Potion            |       |     2 ||     2
  Eat: Chunk             |     1 |       ||     1
Armor: Scale mail        |    41 |    15 ||    56
Dodge: Dodged            |    42 |     8 ||    50
Block: Shield            |    70 |    21 ||    91
       Rpst.: Long sword |    18 |     3 ||    21

Table legend:
 A = Non-vault XP
 B = Vault XP
 C = Vault XP percentage of total XP
 D = Non-vault monster count
 E = Vault monster count
 F = Vault count percentage of total count
                 A         B        C        D         E       F
            +---------+---------+-------+---------+---------+-------
      Total |     101 |      14 |  12.2 |      39 |       7 |  15.2
            +---------+---------+-------+---------+---------+-------
        D:1 |      74 |       4 |   5.1 |      34 |       2 |   5.6
        D:2 |      27 |      10 |  27.0 |       5 |       5 |  50.0
            +---------+---------+-------+---------+---------+-------
